 Dungeon Crawl Stone Soup version 0.32-a0-422-g28b100f618 (webtiles) character file.

Game seed: 12521057322350998241

202 retardedninja the Shield-Bearer (level 5, -1/105 HPs)
             Began as a Mountain Dwarf Fighter on Feb 21, 2024.
             Slain by a gnoll
             ... wielding a +0 flail
              (8 damage)
             ... on level 4 of the Dungeon.
             The game lasted 00:03:38 (2417 turns).

retardedninja the Shield-Bearer (MDFi)              Turns: 2417, Time: 00:03:39

Health: -1/105     AC: 22    Str: 18 (21) XL:     5   Next: 50%
Magic:  5/5        EV:  2    Int:  7 (8)  God:
Gold:   130        SH:  4    Dex:  8 (9)  Spells: 4/4 levels left

rFire   + . .        a - +0 war axe
rCold   . . .        c - +0 buckler
rNeg    . . .        s - melded +4 chain mail {rC+}
rPois   +            (helmet currently unavailable)
rElec   .            (cloak currently unavailable)
rCorr   .            (gloves currently unavailable)
SInv    .            (boots currently unavailable)
Will    .....        (no amulet) Stlth
                     g - ring of protection from fire
HPRegen 0.37/turn    (no ring)
MPRegen 0.09/turn

%: no passive effects
@: brilliant, berserking, tree-form, attractive, very quick
A: stationary, stasis, torment immunity, boosted hp, runic magic, artefact
enchanting
a: no special abilities


You were on level 4 of the Dungeon.
You were a tree.
You visited 1 branch of the dungeon, and saw 4 of its levels.

You collected 130 gold pieces.

Inventory:

Hand Weapons
 a - a +0 war axe (weapon)
Armour
 c - a +0 buckler (worn)
 s - a +4 chain mail of cold resistance (melded)
Jewellery
 b - a ring of positive energy
 g - a ring of protection from fire (left branch)
Wands
 d - a wand of flame (8)
Scrolls
 i - a scroll of poison {unknown}
 j - 2 scrolls of teleportation {unknown}
 m - 2 scrolls of enchant armour {unknown}
 n - a scroll of fear {unknown}
 o - a scroll of identify {unknown}
 p - a scroll of blinking {unknown}
 t - a scroll of immolation
Potions
 e - a potion of degeneration
 r - a potion of heal wounds {unknown}
 u - a potion of curing {unknown}


   Skills:
 + Level 4.4 Fighting
 + Level 4.0 Axes
 + Level 4.4 Armour
 + Level 4.5 Shields


You had 4 spell levels left.
You didn't know any spells.
Your spell library contained the following spells:

 Spells                   Type           Power      Damage    Failure   Level
 Sting                    Conj/Alch      0%         1d3       50%         1
 Mercury Vapours          Alch/Air       0%         N/A       65%         2
 Sublimation of Blood     Necr           0%         N/A       65%         2
 Olgreb's Toxic Radiance  Alch           0%         N/A       99%         4
 Petrify                  Alch/Erth      0%         N/A       99%         4
 Irradiate                Conj/Alch      0%         3d11      100%        5


Dungeon Overview and Level Annotations

Branches:
Dungeon (4/15)
 Temple: D:4-7

Altars:

Shops:
D:1 (

Annotations:
D:2 1 runed translucent door, Crazy Yiuf
D:3 1 runed translucent door, adelrune's ghost, amateur CoHs


Innate Abilities, Weirdness & Mutations

You are a tree.
Your roots penetrate the ground, keeping you stationary.
You cannot be teleported.
You are immune to unholy pain and torment.
Your maximum health is greatly increased.
Your equipment is partially melded.
Your spellcasting is much less encumbered by armour.
You can use scrolls of enchantment on lesser artefacts.


Message History

You barely miss the gnoll. The gnoll hits you with a +0 flail.
The gnoll barely misses you.
You barely miss the gnoll.
The gnoll is lightly wounded.
You barely miss the gnoll. You block the gnoll's attack.
The gnoll hits you but does no damage.
You closely miss the gnoll.
The gnoll is lightly wounded.
You hit the gnoll. The gnoll hits you with a +0 flail.
The gnoll closely misses you. The gnoll barely misses you.
The gnoll hits you with a +0 spear.
You barely miss the gnoll.
The gnoll is lightly wounded.
You hit the gnoll. The gnoll hits you with a +0 flail!
* * * LOW HITPOINT WARNING * * *
The gnoll hits you but does no damage.
It was a potion of degeneration.
There was something very wrong with that liquid.
You feel weakened.
You feel dopey.
You feel clumsy. The gnoll closely misses you.
The gnoll hits you with a +0 spear!
* * * LOW HITPOINT WARNING * * *
It was a potion of lignification.
You turn into a tree.
Your +4 chain mail of cold resistance melds into your body.
You feel less resistant to cold.
Your roots penetrate the ground.
The gnoll hits you with a +0 flail.
* * * LOW HITPOINT WARNING * * *
The gnoll hits you but does no damage.
It was a potion of magic.
Magic courses through your body. The gnoll hits you but does no damage.
You block the gnoll's attack.
It was a potion of brilliance.
You feel clever all of a sudden. You block the gnoll's attack. x2
It was a potion of attraction.
You feel attractive to monsters.
The gnoll hits you but does no damage. x2
It was a potion of berserk rage.
A red film seems to cover your vision as you go berserk!
You feel yourself moving faster!
You feel mighty! The gnoll hits you with a +0 flail!
You die...

#..# ####
#..#
#######
..# #..#
#......
#.# #..#
#.#####
#.####..#
#.....#
#.......#
#####.#
#.####.##
#^#
#.#####g#
#.# #.#
#....g♣.#
#.# #.#
####.####
... #.# #
.###. #.#
.# #. ..#
.. #. ###
.. .# #.
#


You could see 2 gnolls.

Vanquished Creatures
  Ijyb (D:3)
  A gnoll (D:4)
  4 adders
  3 dart slugs
  An orc (D:3)
  8 endoplasms
  4 giant cockroaches
  5 goblins
  9 hobgoblins
  7 jackals (D:2)
  4 kobolds
  3 quokkas
  7 ball pythons
  2 bats
  4 frilled lizards
  6 rats
69 creatures vanquished.

Notes
Turn   | Place    | Note
-------+----------+-------------------------------------------
     0 | D:1      | retardedninja the Mountain Dwarf Fighter began the quest
                  | for the Orb.
     0 | D:1      | Reached XP level 1. HP: 19/19 MP: 1/1
    99 | D:1      | Reached XP level 2. HP: 26/26 MP: 2/2
   139 | D:1      | Found Lezxiwn's Antique Weapon Shop.
   319 | D:1      | Reached XP level 3. HP: 29/31 MP: 3/3
   909 | D:2      | Reached XP level 4. HP: 40/40 MP: 4/4
  1223 | D:2      | Found a runed translucent door.
  1224 | D:2      | Noticed Crazy Yiuf
  1719 | D:3      | Reached XP level 5. HP: 41/46 MP: 5/5
  1745 | D:3      | Noticed Ijyb
  1757 | D:3      | Killed Ijyb
  1893 | D:3      | Found a runed translucent door.
  1946 | D:3      | Noticed adelrune's ghost (amateur CoHs)
  2013 | D:3      | Found a faded altar of an unknown god.
  2413 | D:4      | HP: 3/70 [gnoll/+0 flail (5)]
  2417 | D:4      | Slain by a gnoll

Illustrated notes

Levels and vault maps discovered:
D:1:      minmay_arrival_cross, layout_loops_cross, serial_shops, shop
D:2:      layout_basic, uniq_crazy_yiuf_cottage
D:3:      layout_rooms, ebering_ghost_sewer_d,
          hellmonk_ecumenical_altar_blasted, uniq_ijyb
D:4:      layout_loops_ring

Skill      XL: |  1  2  3  4  5 |
---------------+----------------+-----
Axes           | 3 4 |  4.0
Armour         | 4 |  4.4
Shields        | 4 |  4.5
Fighting       | 4 |  4.4

Action                     |  1- 3 |  4- 6 || total
---------------------------+-------+-------++-------
  Melee: War axe           |    99 |    98 ||   197
    Use: Potion            |       |     7 ||     7
 Armour: Scale mail        |    81 |    75 ||   156
         Chain mail        |       |    23 ||    23
         Skin              |       |     6 ||     6
  Dodge: Dodged            |    41 |    57 ||    98
  Block: Buckler           |    19 |    31 ||    50

Table legend: (Time is in decaauts)
 A = Elapsed time spent in this place.
 B = Non-inter-level travel time spent in this place.
 C = Inter-level travel time spent in this place.
 D = Time resting spent in this place.
 E = Time spent auto-exploring this place.
 F = Levels seen in this place.
 G = Mean time per level.
                   A        B        C        D        E       F      G
               +--------+--------+--------+--------+--------+-----+--------+
         Total |   2488 |   2351 |    137 |      0 |   1834 |   4 |  622.0 |
       Dungeon |   2488 |   2351 |    137 |      0 |   1834 |   4 |  622.0 |
               +--------+--------+--------+--------+--------+-----+--------+

Top non-repeatable levels by time:
     D:1: 836 daAuts
     D:2: 807 daAuts
     D:3: 644 daAuts
     D:4: 200 daAuts
